Unix NetHack Version 5.0.0-0 post-release - last build May 23 2026 06:08:33 (1c0ff79ee797540d5714e4e18072db0edd9e58ae,branch:main).

Game began 2026-05-26 04:10:53, ended 2026-05-26 19:51:54.

IanCurtis, chaotic male elven Wizard

 ---------
 |.......|
 |...)...-######---------                   ---------
 |.......|     #|.......|                  #........|
 -------.-     #.^......|                  #|......[|        ------
        ##     #|.......|###########    ####|.......-##      -....|
         #     #----.----#      ---.-   #   |.......|#       |.\..|
         ###   ## ########      |....####   ---------#     #%.[%)`|
           #   #    #           |...|###)#[#########`#     # --|-|-
           #   #                +...|#              ##   ###   # ^
           #  ##              # -----#             ##    #     #
       ----.---##            ######%##             #     #     #
       |......|#     ---|-    #                    #-----#     #
       |......|#     |..<|   #@                    #|.>{|###%  #
       |......|#     |{..|   Y                     #|...-#  #%#)####
       |......-#     |...-####                     #....|    ------.----
       --------      |...|                          -----    |.........|
                     -----                                   |......%..|
                                                             -----------

IanCurtis the Thaumaturge  St:12 Dx:15 Co:15 In:19 Wi:11 Ch:9  Chaotic
Dlvl:6  $:206 HP:0(52) Pw:90(99) AC:6  Xp:8 T:7462  Burdened

Latest messages:
 Hello IanCurtis, the elven Wizard, welcome back to NetHack!
 Your movements are slowed slightly because of your load.
 You fall down the stairs.
 The yellow light explodes!
 You are blinded by a blast of light!
 You try to feel what is lying here on the floor.
 There are several objects here.
 You try to feel what is lying here on the floor.
 You feel here a mummy wrapping.
 You fall down the stairs.
 You climb up the stairs.
 A goblin suddenly appears!
 A werejackal suddenly appears!
 You climb up the stairs.
 Wait!  There's something there you can't see!
 You miss it.
 You can see again.
 You hit the fog cloud!
 The magic-absorbing blade stuns the fog cloud!
 You hit the fog cloud.
 You miss the fog cloud.
 You destroy the fog cloud!
 You see a gas cloud dissipate.
 The gas cloud around you dissipates.
 The magic-absorbing blade scares the fog cloud!
 The fog cloud turns to flee.
 You miss the fog cloud.
 You hit the fog cloud!
 You destroy the fog cloud!
 The dwarf mummy hits!
 In what direction? l
 The spell hits the dwarf mummy!
 The dwarf mummy hits!
 You hit the dwarf mummy!
 The dwarf mummy hits!
 You destroy the dwarf mummy!
 You have a little trouble lifting $ - 26 gold pieces (206 in total).
 You miss the owlbear.
 The owlbear hits!
 The owlbear hits again!
 In what direction? b
 The spell hits the owlbear!
 The owlbear hits!
 The owlbear hits again!
 The owlbear grabs you!
 The owlbear hits!
 The owlbear hits again!
 You are being crushed.
 You die...
 Do you want your possessions identified? [ynq] (y) q

Inventory:
 Coins    ('$')
  $ - 206 gold pieces
 Amulets  ('"')
  C - a cursed amulet of restful sleep
 Weapons  (')')
  a - the rustproof +0 Magicbane (weapon in right hand)
  W - the fireproof +3 Sting
  T - a blessed +1 quarterstaff
 Armor    ('[')
  y - an uncursed +0 orcish helm (being worn)
  J - an uncursed +0 pair of elven boots (being worn)
  b - a blessed +1 cloak of magic resistance (being worn)
 Scrolls  ('?')
  p - a cursed scroll of amnesia
  v - 3 uncursed scrolls of blank paper
  F - a blessed scroll of destroy armor
  x - an uncursed scroll of destroy armor
  j - an uncursed scroll of earth
  i - an uncursed scroll of enchant armor
  O - an uncursed scroll of genocide
  w - a cursed scroll of light
  H - 2 uncursed scrolls of magic mapping
  h - an uncursed scroll of remove curse
  o - a cursed scroll of remove curse
  k - an uncursed scroll of scare monster
  t - 2 uncursed scrolls of scare monster named frighten monster
 Spellbooks  ('+')
  M - an uncursed spellbook of confuse monster
  L - an uncursed spellbook of haste self
 Potions  ('!')
  B - an uncursed potion of blindness
  f - a cursed potion of extra healing
  s - an uncursed potion of gain ability
  E - a cursed potion of gain energy
  I - an uncursed potion of hallucination
  G - a blessed potion of healing
  q - 7 uncursed potions of healing
  P - an uncursed potion of sickness
  g - an uncursed potion of speed
  A - 2 potions of holy water
 Rings    ('=')
  R - an uncursed ring of conflict
  z - a cursed -1 ring of gain constitution named cursed
  S - an uncursed +1 ring of gain strength (on right hand)
  e - an uncursed ring of protection from shape changers
  Z - an uncursed ring of shock resistance
  D - an uncursed ring of teleport control
 Wands    ('/')
  l - a wand of digging (0:4)
  r - a cursed wand of digging (0:5)
  u - a wand of speed monster (0:4)
  c - a wand of striking (0:8)
 Tools    ('(')
  n - an uncursed bugle
  m - a magic marker (0:19)
  d - a +0 pick-axe
  K - an uncursed towel
  N - a cursed partly used wax candle

IanCurtis the Wizard's attributes:

Background:
 You were a Thaumaturge, a level 8 male elven Wizard.
 You were chaotic, on a mission for Anhur
 who was opposed by Ptah (lawful) and Thoth (neutral).
 You were right-handed.
 You were in the Dungeons of Doom, on level 6.
 You entered the dungeon 7462 turns ago.
 You had 1828 experience points, 732 more were needed to attain level 9.

Basics:
 You had 0 out of 52 hit points.
 You had 90 out of 99 energy points (spell power).
 Your armor class was 6.
 Your wallet contained 206 zorkmids.
 Autopickup was off.

Final Characteristics:
 Your strength was 12 (base:11, limit:18).
 Your dexterity was 15 (limit:18).
 Your constitution was 15 (limit:16).
 Your intelligence was 19 (limit:20).
 Your wisdom was 11 (limit:20).
 Your charisma was 9 (limit:18).

Final Status:
 You were held by an owlbear (southwest).
 You weren't hungry.
 You were burdened; movement was slightly slowed.
 You were wielding a dagger.
 You were skilled in dagger.

Final Attributes:
 You were piously aligned.
 You were magic-protected.
 You were sleep resistant.
 You were poison resistant.
 You were telepathic.
 You had infravision.
 You were stealthy.
 You were warded.
 You are dead.

Miscellaneous:
 You didn't encounter any bones levels.
 Total elapsed playing time was 43 minutes and 43 seconds.

Major events:
 Turn
    1: IanCurtis the chaotic male elven Wizard entered the dungeon
 1064: attained the rank of Conjurer (level 3)
 2008: was bestowed with Magicbane by Anhur
 3240: attained the rank of Thaumaturge (level 6)
 5377: was bestowed with Sting by Anhur
 7462: killed by an owlbear

Spells:
 Name                 Level Category     Fail Retention
 force bolt             1   attack         0%   61%-65%
 light                  1   divination     0%   51%-75%
 chain lightning        2   attack         0%   71%-75%
 detect monsters        1   divination     0%  76%-100%

Skills:
 Fighting Skills
   bare handed combat [Unskilled]
   riding             [Unskilled]
 Weapon Skills
   dagger             [Skilled]
   knife              [Unskilled]
   axe                [Unskilled]
   short sword        [Unskilled]
   club               [Unskilled]
   mace               [Unskilled]
   quarterstaff       [Basic]
   polearms           [Unskilled]
   spear              [Unskilled]
   trident            [Unskilled]
   sling              [Unskilled]
   dart               [Unskilled]
   shuriken           [Unskilled]
 Spellcasting Skills
   attack spells      [Skilled]
   healing spells     [Unskilled]
   divination spells  [Unskilled]
   enchantment spells [Basic]
   clerical spells    [Unskilled]
   escape spells      [Unskilled]
   matter spells      [Unskilled]

Voluntary challenges:
 Character rerolling was not enabled.
 You never genocided any monsters.
 You never polymorphed an object.
 You never changed form.
 You used no wishes.
Achievements:
 You entered a shop.
 You attained the rank of Conjurer.
 You attained the rank of Thaumaturge.

 The Dungeons of Doom: levels 1 to 9
    Level 1:
       A fountain.
    Level 2:
       A potion shop.
    Level 3:
       A potion shop.
    Level 4:
       A fountain.
    Level 5: "spellbooks by altar"
       An altar to Anhur.
    Level 6: <- You were here.
       A throne, a fountain, a sink.
       Final resting place for
          you, killed by an owlbear.
    Level 7:
       A fountain, a grave.
    Level 8:
       Many fountains.
       Oracle of Delphi.
    Level 9: "vault"
       A fountain.


Vanquished creatures:
  a dwarf ruler
  2 tengu
 an elf mummy
  a python
  a carnivorous ape
  4 wolves
  2 leprechauns
  4 orc mummies
  a dwarf mummy
  a gold golem
  a werewolf
  a raven
 an ape
  3 bugbears
  7 Mordor orcs
  2 rock piercers
  a pony
  9 fog clouds
  2 yellow lights
  a shrieker
  a gnome leader
  a red naga hatchling
  2 black naga hatchlings
  a gray ooze
  2 ghouls
  a straw golem
  a paper golem
  4 giant ants
  a little dog
  4 floating eyes
  3 kittens
  6 dwarves
  2 hill orcs
  3 rabid rats
  a centipede
  a giant bat
  a monkey
  4 dwarf zombies
  2 werejackals
  5 iguanas
 an acid blob
  5 coyotes
  a gas spore
  a hobbit
  8 manes
  a hobgoblin
  3 giant rats
  a cave spider
  2 yellow molds
  a green mold
  a red mold
  6 gnomes
  4 garter snakes
  5 geckos
  4 jackals
  2 foxes
  3 kobolds
  4 goblins
  a sewer rat
  7 grid bugs
  4 bats
  2 lichens
  a kobold zombie
  3 newts
163 creatures vanquished.

No species were genocided or became extinct.

Game over:
                       ----------
                      /          \
                     /    REST    \
                    /      IN      \
                   /     PEACE      \
                  /                  \
                  |    IanCurtis     |
                  |      206 Au      |
                  |   killed by an   |
                  |     owlbear      |
                  |                  |
                  |                  |
                  |       2026       |
                 *|     *  *  *      | *
        _________)/\\_//(\/(/\)/\//\/|_)_______

Goodbye IanCurtis the Wizard...

You died in The Dungeons of Doom on dungeon level 6 with 7908 points,
and 206 pieces of gold, after 7462 moves.
You were level 8 with a maximum of 52 hit points when you died.

